 Dungeon Crawl Stone Soup version 0.29-a0-416-g83a48905f1 (webtiles) character file.

Game seed: 11685226470259955537

151 Hubjo the Magician (level 5, -1/31 HPs)
             Began as a Deep Elf Fire Elementalist on May 16, 2022.
             Was an Initiate of Elyvilon.
             Slain by an orc warrior
             ... wielding a +0 mace
              (11 damage)
             ... on level 4 of the Dungeon.
             The game lasted 00:06:06 (4196 turns).

Hubjo the Magician (Deep Elf Fire Elementalist)     Turns: 4196, Time: 00:06:07

Health: -1/31      AC:  6    Str:  5    XL:     5   Next: 10%
Magic:  3/13       EV: 12    Int: 22    God:    Elyvilon [......]
Gold:   176        SH:  0    Dex: 15    Spells: 11/12 levels left

rFire   . . .      SeeInvis .   g - +4 mace (protect)
rCold   . . .      Faith    .   (no shield)
rNeg    . . .      Spirit   .   a - +0 robe
rPois   +          Reflect  .   j - +2 helmet
rElec   .          Harm     .   p - +0 cloak
rCorr   .          Rampage  .   (no gloves)
Will    .....                   (no boots)
Stlth   ++........              (no amulet)
HPRegen 0.10/turn               d - ring of poison resistance
MPRegen 0.13/turn               (no ring)

@: no status effects
A: no striking features
a: Renounce Religion


You were on level 4 of the Dungeon.
You worshipped Elyvilon.
Elyvilon was noncommittal.
You visited 1 branch of the dungeon, and saw 4 of its levels.

You collected 176 gold pieces.

Inventory:

Hand Weapons
 g - a +4 mace of protection (weapon)
 o - a +3 quarterstaff of chaos
Armour
 a - a +0 robe (worn)
 j - a +2 helmet (worn)
 p - a +0 cloak (worn)
 r - the +0 ring mail "Bevuewox" {Will+ Str+4 Stlth-}
   (You found it on level 4 of the Dungeon)

   Str:       It affects your strength (+4).
   Will:      It increases your willpower.
   Stlth:     It makes you less stealthy.
Jewellery
 d - a ring of poison resistance (left hand)
Scrolls
 b - 4 scrolls of noise
 k - a scroll of teleportation
 l - a scroll of identify {unknown}
 n - a scroll of immolation {unknown}
 s - a scroll of amnesia {unknown}
Potions
 c - a potion of resistance {unknown}
 e - a potion of berserk rage {unknown}
 f - 3 potions of curing {unknown}
 h - a potion of flight {unknown}
 i - 2 potions of brilliance {unknown}
 m - 3 potions of heal wounds {unknown}
 q - a potion of might {unknown}


   Skills:
 * Level 2.3 Fighting
 - Level 2.4 Dodging
 + Level 3.7 Stealth
 + Level 4.2 Spellcasting
 - Level 1.1 Conjurations
 + Level 4.1 Fire Magic


You had 11 spell levels left.
You knew the following spells:

 Your Spells              Type           Power      Damage    Failure   Level
a - Foxfire               Conj/Fire      64%        2x1d7     3%          1

Your spell library contained the following spells:

 Spells                   Type           Power      Damage    Failure   Level
 Scorch                   Fire           44%        2d7       3%          2
 Magic Dart               Conj           36%        1d4       7%          1
 Conjure Flame            Conj/Fire      16%        6-21      12%         3
 Inner Flame              Hex/Fire       13%        N/A       14%         3
 Call Imp                 Summ           4%         N/A       17%         2
 Mephitic Cloud           Conj/Pois/Air  6%         N/A       28%         3
 Flame Wave               Conj/Fire      16%        2d6       36%         4


Dungeon Overview and Level Annotations

Branches:
Dungeon (4/15)
 Temple: D:4-7

Altars:
Elyvilon

Shops:
D:2 **


Message History

You are too injured to fight recklessly!
Casting: Foxfire (safe; 3% risk of failure)
Confirm with . or Enter, or press ? or * to list all spells.
You conjure some foxfire!
The foxfire hits the orc warrior but does no damage.
The orc warrior is heavily wounded.
The foxfire hits the orc warrior.
The orc warrior is severely wounded.
The orc warrior misses you.
The orc priest hits you with a +0 short sword.
* * * LOW HITPOINT WARNING * * *
You hit the orc warrior but do no damage.
Your weapon exudes an aura of protection.
The orc warrior is severely wounded.
The foxfire hits the orc priest.
The orc priest is moderately wounded.
The foxfire hits the orc warrior but does no damage.
The orc warrior is severely wounded.
The orc priest looks satisfied for a moment.
The orc warrior hits you but does no damage.
Okay, then.
Casting: Foxfire (safe; 3% risk of failure)
Confirm with . or Enter, or press ? or * to list all spells.
You conjure some foxfire!
The orc warrior completely misses you.
The orc priest hits you but does no damage.
You completely miss the orc warrior.
The orc warrior is severely wounded.
The foxfire hits the orc warrior but does no damage.
The orc warrior is severely wounded.
The foxfire hits the orc priest.
The orc priest is moderately wounded.
The orc priest barely misses you.
An orc comes into view. It is wielding a +0 vorpal hand axe.
The orc warrior closely misses you.
Your magical contamination has completely faded away.
Casting: Foxfire (safe; 3% risk of failure)
Confirm with . or Enter, or press ? or * to list all spells.
You conjure some foxfire!
The orc warrior hits you with a +0 mace!
You die...

...#.=. ### .. #### ...
... ## ... ### ... o###.
.###. .###. .# .#.###.#.
.#.###. #...#...#
#...#..
#vo.#...#####...#..
#o@.#...#...#...#..
#.....#v###.#.....#.###.
##.$. ##...###...###...#
..## ##.## ##### ###.. #
#.# #.. #.# #.. #.# ##.
#.# . #.. .


You could see an orc warrior (ally target), an orc priest (ally target) and an
orc.

Vanquished Creatures
  Crazy Yiuf (D:2)
  Robin (D:2)
  5 adders
  A dart slug (D:3)
  5 orcs
  5 bats
  6 endoplasms
  3 giant cockroaches (D:1)
  12 goblins
  5 hobgoblins
  4 kobolds
  2 quokkas
  6 ball pythons
  A frilled lizard (D:1)
  4 rats
61 creatures vanquished.

Vanquished Creatures (others)
  327 foxfires
327 creatures vanquished.

Grand Total: 388 creatures vanquished

Notes
Turn   | Place    | Note
-------+----------+-------------------------------------------
     0 | D:1      | Hubjo the Deep Elf Fire Elementalist began the quest for
                  | the Orb.
     0 | D:1      | Reached XP level 1. HP: 10/10 MP: 6/6
   478 | D:1      | Reached XP level 2. HP: 16/16 MP: 2/8
   835 | D:1      | Reached skill level 1 in Fighting
  1331 | D:2      | Noticed Robin
  1349 | D:2      | Reached XP level 3. HP: 17/20 MP: 3/9
  1469 | D:2      | HP: 1/20 [Robin/goblin (3)]
  1470 | D:2      | Killed Robin
  2112 | D:2      | Reached XP level 4. HP: 26/26 MP: 8/11
  2297 | D:2      | Found Lajeor's Assorted Antiques.
  2371 | D:2      | Found Bypilip's General Store.
  2422 | D:2      | Found a runed translucent door.
  2423 | D:2      | Noticed Crazy Yiuf
  2432 | D:2      | HP: 1/24 [Crazy Yiuf/+3 quarterstaff of chaos (6)]
  2434 | D:2      | Killed Crazy Yiuf
  3316 | D:3      | Found a faded altar of an unknown god.
  3576 | D:3      | Found a white marble altar of Elyvilon.
  3617 | D:3      | Became a worshipper of Elyvilon the Healer
  3896 | D:4      | Noticed an ogre
  3926 | D:4      | Identified the +0 ring mail "Bevuewox" {Will+ Str+4 Stlth-}
  4002 | D:4      | Reached XP level 5. HP: 30/30 MP: 3/13
  4182 | D:4      | Noticed an orc warrior
  4196 | D:4      | Slain by an orc warrior

Illustrated notes

Levels and vault maps discovered:
D:1:      dpeg_arrival_refuge, layout_loops_cross
D:2:      layout_loops_ring, serial_shops, nicolae_shop_behind_doors, shop,
          minmay_hexomino_u4, uniq_robin, uniq_crazy_yiuf_cottage
D:3:      layout_rooms, nicolae_overflow_crystal_walls, basic_ecumenical_altar,
          roderic_serpentine_path
D:4:      nicolae_cairo_tiling, layout_loops_corners,
          nicolae_qazlal_style_of_elements, grunt_decor_junction, uniq_sigmund

Skill      XL: |  1  2  3  4 |
---------------+-------------+-----
Fighting       | 1 2 |  2.3
Stealth        | 3 |  3.7
Spellcasting   | 4 |  4.2
Fire Magic     | 4 |  4.1
Dodging        | |  2.4
Conjurations   | |  1.1

Action                   |  1- 3 |  4- 6 || total
-------------------------+-------+-------++-------
Melee: Mace              |     1 |    14 ||    15
       Unarmed           |     1 |       ||     1
 Cast: Foxfire           |   107 |    90 ||   197
  Use: Scroll            |     1 |     2 ||     3
       Potion            |     1 |       ||     1
 Stab: Sleeping          |       |     2 ||     2
Armor: Robe              |    11 |     9 ||    20
Dodge: Dodged            |    26 |    24 ||    50

Table legend: (Time is in decaauts)
 A = Elapsed time spent in this place.
 B = Non-inter-level travel time spent in this place.
 C = Inter-level travel time spent in this place.
 D = Time resting spent in this place.
 E = Time spent auto-exploring this place.
 F = Levels seen in this place.
 G = Mean time per level.
                   A        B        C        D        E       F      G
               +--------+--------+--------+--------+--------+-----+--------+
         Total |   4201 |   4068 |    133 |     89 |   3481 |   4 | 1050.2 |
       Dungeon |   4201 |   4068 |    133 |     89 |   3481 |   4 | 1050.2 |
               +--------+--------+--------+--------+--------+-----+--------+

Top non-repeatable levels by time:
     D:2: 1486 daAuts
     D:1: 1348 daAuts
     D:3: 1037 daAuts
     D:4: 329 daAuts
